 Dungeon Crawl Stone Soup version 0.27.1-33-g824d729ab1 (webtiles) character file.

Game seed: 16196029588524274379

4 DearestLeader the Grappler (level 1, -1/20 HPs)
             Began as a Gnoll Wanderer on Dec 10, 2021.
             Slain by a jackal (2 damage)
             ... on level 1 of the Dungeon.
             The game lasted 00:00:24 (76 turns).

DearestLeader the Grappler (Gnoll Wanderer)           Turns: 76, Time: 00:00:25

Health: -1/20      AC:  2    Str: 12    XL:     1   Next: 60%
Magic:  1/1        EV: 11    Int: 11    God:
Gold:   0          SH:  0    Dex: 10    Spells: 0/0 levels left

rFire    . . .     SeeInvis .     - Unarmed
rCold    . . .     Faith    .   (no shield)
rNeg     . . .     Spirit   .   e - +0 robe
rPois    .         Reflect  .   (no helmet)
rElec    .         Harm     .   (no cloak)
rCorr    .         Rampage  .   (no gloves)
Will     .....                  (no boots)
Stlth    +.........             (no amulet)
HPRegen  0.06/turn              (no ring)
MPRegen  0.07/turn              (no ring)

@: no status effects
A: fangs 1, strong nose, distributed training
a: no special abilities


You were on level 1 of the Dungeon.
You visited 1 branch of the dungeon, and saw 1 of its levels.

Inventory:

Hand Weapons
 a - a +0 club
Armour
 e - a +0 robe (worn)
Scrolls
 d - a scroll of teleportation
 g - a scroll of immolation {unknown}
Potions
 b - a potion of haste
 c - a potion of lignification
 f - a potion of berserk rage


   Skills:
 + Level 4.4 Fighting
 + Level 0.1 Short Blades
 + Level 0.1 Long Blades
 + Level 0.1 Axes
 + Level 0.1 Maces & Flails
 + Level 0.1 Polearms
 + Level 0.1 Staves
 + Level 0.1 Slings
 + Level 4.4 Bows
 + Level 0.1 Crossbows
 + Level 0.1 Throwing
 + Level 0.1 Armour
 + Level 0.1 Dodging
 + Level 0.1 Stealth
 + Level 2.4 Shields
 + Level 8.4 Unarmed Combat
 + Level 0.1 Spellcasting
 + Level 0.1 Conjurations
 + Level 0.1 Hexes
 + Level 0.1 Summonings
 + Level 0.1 Necromancy
 + Level 0.1 Translocations
 + Level 0.1 Transmutations
 + Level 0.1 Fire Magic
 + Level 0.1 Ice Magic
 + Level 0.1 Air Magic
 + Level 0.1 Earth Magic
 + Level 0.1 Poison Magic
 + Level 0.2 Invocations
 + Level 2.4 Evocations


You couldn't memorise any spells.
You didn't know any spells.
Your spell library was empty.

Dungeon Overview and Level Annotations

Branches:
Dungeon (1/15)

Altars:


Innate Abilities, Weirdness & Mutations

You have very sharp teeth.
Your uncanny sense of smell can sniff out nearby items.
Your experience applies equally to all skills.


Message History

A jackal comes into view.
The jackal barks!
A jackal comes into view.
A frilled lizard comes into view.
The jackal barks!
The frilled lizard hisses angrily.
You hear a bark! x2
You hear a shout!
A jackal comes into view.
A jackal comes into view.
Found a faded altar of an unknown god.
The frilled lizard bites you. The jackal bites you.
You punch the frilled lizard!
You kill the frilled lizard!
A bat comes into view.
A goblin comes into view. It is wielding a +0 club.
You hit the jackal.
You kill the jackal!
You closely miss the jackal. The jackal barely misses you.
You closely miss the jackal. You bite the jackal.
The jackal is lightly wounded.
The jackal bites you. The jackal barely misses you.
You punch the jackal!
You kill the jackal!
The jackal closely misses you. The bat hits you but does no damage.
The jackal closely misses you.
You closely miss the bat. The bat hits you. The jackal barely misses you.
The jackal bites you but does no damage.
The jackal bites you.
You closely miss the jackal. You bite the jackal, but do no damage.
The jackal bites you. x3
* * * LOW HITPOINT WARNING * * *
You are too injured to fight recklessly!
The jackal bites you.
* * * LOW HITPOINT WARNING * * *
You are too injured to fight recklessly!
You are too injured to fight recklessly!
You are too injured to fight recklessly!
You barely miss the jackal. The jackal bites you.
* * * LOW HITPOINT WARNING * * *
You barely miss the jackal. You bite the jackal, but do no damage.
The jackal bites you.
You die...

######.# #.# #.#
#.# #.# #.# #.#
#.##### # #@##..
.# #h##.##.##
#b##.#.$.###
####hg........#
#.....#.......#
#.#####......!.#
#....†#.......#
...............#
......b..#.....#


You could see 2 jackals, a goblin and a bat.

Vanquished Creatures
  2 jackals (D:1)
  A frilled lizard (D:1)
  A rat (D:1)
4 creatures vanquished.

Notes
Turn   | Place    | Note
-------+----------+-------------------------------------------
     0 | D:1      | DearestLeader the Gnoll Wanderer began the quest for the
                  | Orb.
     0 | D:1      | DearestLeader set off with the following items: a +0 club,
                  | a potion of haste, a potion of lignification, a scroll of
                  | teleportation, a +0 robe, a potion of berserk rage
     0 | D:1      | Reached XP level 1. HP: 20/20 MP: 1/1
    62 | D:1      | Found a faded altar of an unknown god.
    75 | D:1      | HP: 1/20 [jackal (2)]
    76 | D:1      | Slain by a jackal

Illustrated notes

Levels and vault maps discovered:
D:1:      dpeg_arrival_rooms_b, layout_basic,
          shapermc_ecumenical_altar_starsandcircs, minmay_splitting_lines

Action                   || total
-------------------------++-------
Melee: Unarmed           ||    14
       Bite              ||     6
Armor: Robe              ||     3
Dodge: Dodged            ||     7
